 Dungeon Crawl Stone Soup version 0.24-a0-415-g6d73c25c48 (webtiles) character file.

Game seed: 18194769432967982791

52203 Gynju the Bludgeoner (level 14, -4/132 HPs)
             Began as a Minotaur Fighter on June 7, 2019.
             Was the Champion of Okawaru.
             Slain by a fire elemental (6 damage)
             ... summoned by a deep elf mage
             ... on level 12 of the Dungeon.
             The game lasted 01:06:32 (23023 turns).

Gynju the Bludgeoner (Minotaur Fighter)            Turns: 23023, Time: 01:06:32

Health: -4/132     AC: 17    Str: 26    XL:     14   Next: 26%
Magic:  0/20       EV:  8    Int:  3    God:    Okawaru [******]
Gold:   1339       SH: 11    Dex: 10    Spells: 17/17 levels left

rFire    x . .     SeeInvis .   s - +2 eveningstar (freeze)
rCold    . . .     Gourm    .   c - +0 shield
rNeg     + + +     Faith    .   F - +4 scale mail of the Amoeba {+Inv rPois Int+2 Slay+2}
rPois    +         Spirit   +   S - +2 hat
rElec    .         Reflect  .   T - scarf {repulsion}
rCorr    +         Harm     .   e - +0 pair of gloves
MR       +....                  R - +0 pair of boots "Foocolic" {+Blink rF- rN+++ Int-4}
Stlth    ..........             Z - amulet of guardian spirit
HPRegen  0.32/turn              D - ring of resist corrosion
MPRegen  0.17/turn              Q - +3 ring of slaying

@: invisible, repel missiles
A: retaliatory headbutt, horns 2
a: Heroism, Finesse, Renounce Religion, Evoke Blink


You were on level 12 of the Dungeon.
You worshipped Okawaru.
Okawaru was exalted by your worship.
You were not hungry.

You visited 3 branches of the dungeon, and saw 19 of its levels.
You also visited: Sewer.

You collected 1339 gold pieces.

Inventory:

Hand Weapons
 s - a +2 eveningstar of freezing (weapon)
 O - the +7 great mace "Firestarter" {inner flame, rF++}
   (You found it on level 10 of the Dungeon)

   It has been specially enchanted to burn those struck by it, causing extra
   injury to most foes and up to half again as much damage against particularly
   susceptible opponents.
   It greatly protects you from fire.
Armour
 c - a +0 shield (worn)
 e - a +0 pair of gloves (worn)
 w - the +0 pair of boots of Cowardice {*Slow MR+ rCorr Int+4}
   (Okawaru gifted it to you on level 6 of the Lair of Beasts)

   It affects your intelligence (+4).
   It affects your resistance to hostile enchantments.
   It provides partial protection from all sources of acid and corrosion.
   It may slow you when you take damage.
 F - the +4 scale mail of the Amoeba (worn) {+Inv rPois Int+2 Slay+2}
   (Okawaru gifted it to you on level 2 of the Lair of Beasts)

   It affects your intelligence (+2).
   It affects your accuracy and damage with ranged weapons and melee attacks
   (+2).
   It protects you from poison.
   It lets you turn invisible.
 H - a scarf of cloud immunity
 R - the +0 pair of boots "Foocolic" (worn) {+Blink rF- rN+++ Int-4}
   (Okawaru gifted it to you on level 10 of the Dungeon)

   It affects your intelligence (-4).
   It makes you vulnerable to fire.
   It renders you almost immune to negative energy.
   It lets you blink.
 S - a +2 hat (worn)
 T - a scarf of repulsion (worn)
Jewellery
 h - an uncursed ring of poison resistance
 p - an uncursed ring of fire
 D - a ring of resist corrosion (left hand)
 M - a +4 ring of strength
 Q - a +3 ring of slaying (right hand)
 Y - an uncursed ring of positive energy
 Z - an amulet of guardian spirit (around neck)
Wands
 b - a wand of paralysis (9)
 y - a wand of iceblast (10)
Scrolls
 a - a scroll of blinking
 j - 3 scrolls of magic mapping
 m - 5 scrolls of enchant weapon
 n - 16 scrolls of remove curse
 o - 4 scrolls of amnesia
 t - 2 scrolls of fog
 v - 4 scrolls of teleportation
 x - a scroll of holy word
 B - 3 scrolls of enchant armour
 C - 2 scrolls of fear
 J - 7 scrolls of identify
Potions
 d - 3 potions of might
 g - a potion of lignification
 i - 4 potions of degeneration
 k - 7 potions of curing
 l - 3 potions of magic
 q - 4 potions of haste
 u - 8 potions of flight
 z - 3 potions of resistance
 A - a potion of mutation
 G - a potion of agility
 K - 2 potions of brilliance
Comestibles
 f - 20 rations


   Skills:
 + Level 14.2 Fighting
 * Level 18.1 Maces & Flails
 + Level 10.9 Armour
 - Level 6.2 Shields
 - Level 2.3 Spellcasting
 + Level 9.4 Invocations
 + Level 5.8 Evocations


You had 17 spell levels left.
You didn't know any spells.
Your spell library contained the following spells:

 Spells                   Type           Power        Failure   Level  Hunger
 Animate Skeleton         Necr           N/A          96%         1    ##.....
 Flame Tongue             Conj/Fire      #....        96%         1    ##.....
 Infusion                 Chrm           #...         96%         1    ##.....
 Magic Dart               Conj           #...         96%         1    ##.....
 Pain                     Necr           #...         96%         1    ##.....
 Shock                    Conj/Air       #...         96%         1    ##.....
 Summon Small Mammal      Summ           #...         96%         1    ##.....
 Blink                    Tloc           N/A          99%         2    ###....
 Call Imp                 Summ           #.......     99%         2    ###....
 Searing Ray              Conj           #.....       99%         2    ###....
 Slow                     Hex            #.......     99%         2    ###....
 Swiftness                Chrm/Air       #.......     99%         2    ###....
 Throw Flame              Conj/Fire      #.....       99%         2    ###....
 Call Canine Familiar     Summ           #.......     100%        3    ####...
 Conjure Flame            Conj/Fire      #.......     100%        3    ####...
 Dazzling Spray           Conj/Hex       #.....       100%        3    ####...
 Ignite Poison            Fire/Tmut/Pois #.......     100%        3    ####...
 Inner Flame              Hex/Fire       #.......     100%        3    ####...
 Mephitic Cloud           Conj/Pois/Air  #.......     100%        3    ####...
 Regeneration             Chrm/Necr      #.........   100%        3    ####...
 Static Discharge         Conj/Air       #.......     100%        3    ####...
 Summon Guardian Golem    Hex/Summ       #.......     100%        3    ####...
 Vampiric Draining        Necr           #.........   100%        3    ####...
 Airstrike                Air            #.........   100%        4    #####..
 Animate Dead             Necr           N/A          100%        4    #####..
 Force Lance              Conj/Tloc      #.......     100%        4    #####..
 Fulminant Prism          Conj/Hex       #.........   100%        4    #####..
 Iskenderun's Mystic Bla  Conj           #.......     100%        4    #####..
 Sticky Flame             Conj/Fire      #.......     100%        4    #####..
 Summon Ice Beast         Ice/Summ       #.......     100%        4    #####..
 Summon Lightning Spire   Summ/Air       #.......     100%        4    #####..
 Bolt of Magma            Conj/Fire/Erth #.........   100%        5    ######.
 Excruciating Wounds      Chrm/Necr      #.........   100%        5    ######.
 Fireball                 Conj/Fire      #.........   100%        5    ######.
 Iskenderun's Battlesphe  Conj/Chrm      #.......     100%        5    ######.
 Lightning Bolt           Conj/Air       #.........   100%        5    ######.
 Venom Bolt               Conj/Pois      #.........   100%        5    ######.
 Bolt of Fire             Conj/Fire      #.........   100%        6    #######
 Death Channel            Necr           #.........   100%        6    #######
 Iron Shot                Conj/Erth      #.........   100%        6    #######
 Orb of Destruction       Conj           #.........   100%        7    #######
 Ring of Flames           Chrm/Fire      #.........   100%        7    #######
 Spellforged Servitor     Conj/Summ      #.........   100%        7    #######
 Ignition                 Fire           #.........   100%        8    #######


Dungeon Overview and Level Annotations

Branches:
Dungeon (12/15)            Temple (1/1) D:6            Lair (6/6) D:10
  Swamp (0/4) Lair:3        Snake (0/4) Lair:3        Slime (0/5) Lair:6
    Orc (0/2) D:11

Altars:
Ashenzari
Dithmenos
Fedhas
Gozag
Kikubaaqudgha
Makhleb
Nemelex Xobeh
Okawaru
Qazlal
Ru
Sif Muna
Xom
Zin
The Shining One
Beogh
Jiyva

Shops:
D:4 [   D:6 [   D:7 :?   D:8 (

Annotations:
D:7 3 runed translucent doors, Peloso's ghost, novice MiFi
Lair:2 2 runed translucent doors, Juystrogi's ghost, journeyman HuAr
Lair:5 Sonja


Innate Abilities, Weirdness & Mutations

You reflexively headbutt those who attack you in melee.
You have a pair of horns on your head.


Message History

The deep elf mage casts a spell at you.
The bolt of fire misses the fire elemental.
The bolt of fire hits you!! The fire burns you terribly!
* * * LOW HITPOINT WARNING * * *
The fire elemental hits you. The fire elemental burns you!
The fire burns you terribly!
* * * LOW HITPOINT WARNING * * *
The fire elemental hits you. The fire elemental burns you!
The fire burns you terribly!
* * * LOW HITPOINT WARNING * * *
The bullfrog hits you.
* * * LOW HITPOINT WARNING * * *
The fire elemental hits you. The fire elemental burns you!
The fire burns you terribly!
* * * LOW HITPOINT WARNING * * *
Okay, then.
You fade into invisibility!
The fire elemental hits you. The fire elemental burns you!
The fire burns you terribly!
You die...

########### #####
#.........# #...# ##
#.........# #...# #<
#.=.....F.# #...# #.
#......○E@# #...# #.
#.....○eEE#####...##### #.
+.......○.....'......># #.
#...≈.....#####....######.
..........# ####.#......
.....###### #.#.#####
..≈.. #.#.# ..... #.#.#
.... #.#.#


You could see a deep elf mage, 3 fire elementals and a bullfrog.

Vanquished Creatures
  Gastronok (Lair:1)
  A fire giant (D:10)
  Snorg (Lair:4)
  Josephine (Lair:6)
  5 hydras
  4 catoblepae
  5 death yaks (Lair:6)
  An ugly thing (D:12)
  A deep elf mage (D:12)
  A cyclops (D:11)
  2 manticores (Lair:6)
  4 black mambas
  A gargoyle (D:9)
  12 spiny frogs
  3 centaur skeletons
  4 rime drakes
  A komodo dragon (Lair:1)
  A polar bear (Lair:3)
  4 trolls
  5 blink frogs (Lair:1)
  9 hippogriffs
  Eustachio (D:4)
  3 wraiths (Lair:6)
  A wyvern (Lair:2)
  86 yaks
  5 fire bats (D:10)
  4 basilisks
  A hungry ghost (D:11)
  2 nagas (Lair:3)
  2 swamp worms (Lair:3)
  Edmund (D:4)
  An acid dragon (D:12)
  11 water moccasins
  10 porcupines
  3 sky beasts
  3 ice beasts
  11 orc warriors
  2 necrophages (D:10)
  3 phantoms (D:9)
  15 wolves
  4 ogres
  5 centaurs
  18 crocodiles
  3 big kobolds
  10 bullfrogs
  3 gnoll sergeants
  A scorpion (D:9)
  4 wights (D:11)
  5 howler monkeys
  2 electric eels (Lair:6)
  4 crimson imps
  A quasit (D:6)
  A bullfrog zombie (D:9)
  A bullfrog skeleton (D:7)
  11 hounds
  6 orc priests
  3 jellies
  4 gnoll shamans (D:7)
  Ijyb (D:4)
  3 iguanas
  A merfolk siren (Sewer)
  7 orc wizards
  7 worker ants
  A merfolk avatar (Sewer)
  A hound skeleton (D:7)
  2 worker ant zombies
  28 gnolls
  12 adders
  A river rat (Sewer)
  A shadow imp (D:12)
  An adder skeleton (D:8)
  A worm (D:4)
  A dart slug (D:1)
  6 leopard geckos
  61 orcs
  8 giant cockroaches
  5 goblins
  13 hobgoblins
  7 jackals
  6 quokkas
  10 ball pythons
  A ball python zombie (D:5)
  6 bats
  12 frilled lizards
  18 kobolds
  A leopard gecko skeleton (D:4)
  A quokka skeleton (D:7)
  A quokka zombie (D:8)
  30 rats
  2 bushes (Lair:1)
  2 fungi
  8 plants
584 creatures vanquished.

Vanquished Creatures (others)
  An orc (D:10)
  3 bushes
  7 fungi
  21 plants
  4 toadstools (D:1)
36 creatures vanquished.

Grand Total: 620 creatures vanquished

Notes
Turn   | Place    | Note
-------+----------+-------------------------------------------
     0 | D:1      | Gynju the Minotaur Fighter began the quest for the Orb.
     0 | D:1      | Reached XP level 1. HP: 19/19 MP: 0/0
    37 | D:1      | You fall into a shaft and drop 1 floor!
    79 | D:2      | Reached skill level 3 in Maces & Flails
    79 | D:2      | Reached XP level 2. HP: 22/27 MP: 1/1
   332 | D:2      | Reached XP level 3. HP: 33/33 MP: 2/2
   478 | D:2      | Reached skill level 4 in Maces & Flails
  1064 | D:1      | Reached XP level 4. HP: 39/41 MP: 3/3
  1346 | D:3      | Found an iron altar of Okawaru.
  1351 | D:3      | Became a worshipper of Warmaster Okawaru
  1617 | D:3      | Reached skill level 5 in Maces & Flails
  1785 | D:3      | Reached skill level 5 in Fighting
  1785 | D:3      | Reached XP level 5. HP: 35/48 MP: 4/4
  2037 | D:3      | Found a shimmering altar of Xom.
  2204 | D:4      | Noticed Ijyb
  2213 | D:4      | Paralysed by Ijyb for 4 turns
  2223 | D:4      | Paralysed by Ijyb for 7 turns
  2235 | D:4      | Killed Ijyb
  2235 | D:4      | Reached skill level 6 in Maces & Flails
  2447 | D:4      | Found a glowing drain.
  2476 | Sewer    | Entered a sewer
  2586 | Sewer    | Reached XP level 6. HP: 37/56 MP: 5/5
  2804 | Sewer    | Reached * piety under Okawaru
  3099 | D:4      | Reached skill level 7 in Maces & Flails
  3326 | D:4      | Noticed Eustachio
  3334 | D:4      | Killed Eustachio
  3334 | D:4      | Reached XP level 7. HP: 50/64 MP: 6/6
  3339 | D:4      | Reached skill level 8 in Maces & Flails
  3690 | D:4      | Noticed Edmund
  3703 | D:4      | Killed Edmund
  3703 | D:4      | Reached ** piety under Okawaru
  3760 | D:4      | Found Odayn's Armour Emporium.
  3957 | D:5      | Entered Level 5 of the Dungeon
  4069 | D:5      | Found an ancient bone altar of Kikubaaqudgha.
  4241 | D:5      | Reached skill level 9 in Maces & Flails
  4574 | D:6      | Reached XP level 8. HP: 70/73 MP: 7/7
  4873 | D:6      | Reached skill level 10 in Maces & Flails
  4875 | D:6      | Found a shimmering altar of Xom.
  4948 | D:6      | Reached skill level 1 in Invocations
  4954 | D:6      | Found a sparkling altar of Nemelex Xobeh.
  5041 | D:6      | Reached *** piety under Okawaru
  5457 | D:6      | Found Gafra's Armour Emporium.
  5497 | D:6      | Found a staircase to the Ecumenical Temple.
  5962 | Temple   | Entered the Ecumenical Temple
  6092 | D:7      | Reached skill level 11 in Maces & Flails
  6095 | D:7      | Found Uceabul's Magic Scroll Shoppe.
  6196 | D:7      | Reached XP level 9. HP: 79/82 MP: 10/10
  6473 | D:7      | Found a runed translucent gate.
  6473 | D:7      | Found a runed translucent gate.
  6473 | D:7      | Found Wivy's Book Shop.
  6952 | D:7      | Found a shadowy altar of Dithmenos.
  7019 | D:7      | Reached skill level 12 in Maces & Flails
  7114 | D:7      | Reached **** piety under Okawaru
  7418 | D:7      | Found an opulent altar of Gozag.
  7418 | D:7      | Found a runed translucent gate.
  7429 | D:7      | Noticed Peloso's ghost (novice MiFi)
  7429 | D:7      | Noticed a troll
  7476 | D:8      | Identified the Papyrus of Lucky Unholy Rituals
  7649 | D:8      | Found Caudd's Antique Weapon Shop.
  7856 | D:8      | Found a burning altar of Makhleb.
  7908 | D:9      | Found a stormy altar of Qazlal.
  7909 | D:9      | Found an opulent altar of Gozag.
  7909 | D:9      | Found a deep blue altar of Sif Muna.
  7909 | D:9      | Found a shattered altar of Ashenzari.
  7926 | D:9      | Reached skill level 5 in Invocations
  7927 | D:9      | Found a glowing golden altar of the Shining One.
  7927 | D:9      | Found a glowing silver altar of Zin.
  8162 | D:9      | Reached skill level 10 in Fighting
  8162 | D:9      | Reached XP level 10. HP: 89/93 MP: 12/12
  8182 | D:9      | Reached skill level 13 in Maces & Flails
  8325 | D:9      | You fall into a shaft and drop 1 floor!
  8325 | D:10     | Entered Level 10 of the Dungeon
  8325 | D:10     | Found the +7 great mace "Firestarter" {inner flame, rF++}
  8326 | D:10     | Noticed a fire giant
  8846 | D:9      | Found a blossoming altar of Fedhas.
  8966 | D:9      | Noticed a gargoyle
  8980 | D:9      | Killed a gargoyle
  9126 | D:9      | Found a sacrificial altar of Ru.
  9225 | D:11     | Reached ***** piety under Okawaru
  9254 | D:11     | Reached skill level 14 in Maces & Flails
  9358 | D:11     | Reached skill level 1 in Spellcasting
  9733 | D:11     | Reached skill level 5 in Armour
  9733 | D:11     | Reached skill level 5 in Shields
  9763 | D:11     | Found a roughly hewn altar of Beogh.
  9765 | D:11     | Found a staircase to the Orcish Mines.
  9817 | D:11     | Received a gift from Okawaru
 10126 | D:11     | Noticed an eight-headed hydra
 10133 | D:11     | Killed an eight-headed hydra
 10133 | D:11     | Reached XP level 11. HP: 47/102 MP: 13/13
 10761 | D:12     | Noticed a deep elf mage
 10991 | D:10     | Killed a fire giant
 11455 | D:10     | Received a gift from Okawaru
 11465 | D:10     | Got a pair of twisted boots {god gift}
 11471 | D:10     | Identified the +0 pair of boots "Foocolic" {+Blink rF-
                  | rN+++ Int-4} (Okawaru gifted it to you on level 10 of the
                  | Dungeon)
 11536 | D:10     | Found a staircase to the Lair.
 12066 | Lair:1   | Entered Level 1 of the Lair of Beasts
 12091 | Lair:1   | Noticed Gastronok
 12106 | Lair:1   | Killed Gastronok
 12106 | Lair:1   | Reached ****** piety under Okawaru
 12106 | Lair:1   | Reached skill level 15 in Maces & Flails
 12341 | Lair:1   | Reached XP level 12. HP: 77/113 MP: 15/15
 13267 | Lair:2   | Received a gift from Okawaru
 13268 | Lair:2   | Got a twisted scale mail {god gift}
 13281 | Lair:1   | Identified the +4 scale mail of the Amoeba {+Inv rPois
                  | Int+2 Slay+2} (Okawaru gifted it to you on level 2 of the
                  | Lair of Beasts)
 13727 | Lair:2   | Reached skill level 1 in Evocations
 13863 | Lair:2   | Found a large runed translucent door.
 13863 | Lair:2   | Found a large runed translucent door.
 13866 | Lair:2   | Noticed Juystrogi's ghost (journeyman HuAr)
 13899 | Lair:2   | Noticed an eight-headed hydra
 13903 | Lair:2   | Killed an eight-headed hydra
 15236 | Lair:3   | Reached skill level 16 in Maces & Flails
 15728 | Lair:3   | Found a staircase to the Snake Pit.
 16987 | Lair:3   | Found a staircase to the Swamp.
 17135 | Lair:3   | Reached XP level 13. HP: 106/122 MP: 17/17
 17318 | Lair:4   | Received a gift from Okawaru
 17322 | Lair:4   | Got twisted steam dragon scales {god gift}
 17333 | Lair:4   | Identified the +1 steam dragon scales of the True Pharaoh
                  | {Str+6 Int+3 Stlth-} (Okawaru gifted it to you on level 4
                  | of the Lair of Beasts)
 18522 | Lair:5   | Noticed Snorg
 18737 | Lair:4   | Killed Snorg
 18737 | Lair:4   | Reached skill level 17 in Maces & Flails
 18992 | Lair:5   | Noticed Sonja
 19950 | Lair:5   | You fall into a shaft and drop 1 floor!
 19950 | Lair:6   | Entered Level 6 of the Lair of Beasts
 19967 | Lair:5   | Reached skill level 10 in Armour
 20522 | Lair:6   | Received a gift from Okawaru
 20532 | Lair:6   | Got a pair of distressingly furry boots {god gift}
 20562 | Lair:5   | Identified the +0 pair of boots of Cowardice {*Slow MR+
                  | rCorr Int+4} (Okawaru gifted it to you on level 6 of the
                  | Lair of Beasts)
 20690 | Lair:6   | Noticed Josephine
 20701 | Lair:6   | Killed Josephine
 20719 | Lair:6   | Reached skill level 5 in Evocations
 20811 | Lair:6   | Found a viscous altar of Jiyva.
 20812 | Lair:6   | Found a staircase to the Slime Pits.
 20820 | Lair:6   | Found a blossoming altar of Fedhas.
 21056 | Lair:6   | Reached XP level 14. HP: 90/132 MP: 13/19
 21332 | Lair:6   | Reached skill level 18 in Maces & Flails
 21564 | Lair:6   | Received a gift from Okawaru
 22684 | D:12     | Received a gift from Okawaru
 23021 | D:12     | HP: 4/132 [bullfrog (3)]
 23022 | D:12     | HP: 1/132 [fire elemental[a deep elf mage] (3)]
 23023 | D:12     | Slain by a fire elemental

Levels and vault maps discovered:
D:1:      ldierk_water_garden, layout_loops_ring
D:2:      layout_rooms, serial_curves, eino_curves_02, eino_curves_03,
          roderic_three_in_a_row, chequers_mini_garden, kennysheep_cross_room
D:3:      layout_loops_ring, nicolae_overflow_hidden_temple, marbit_many_paths,
          first_ration
D:4:      layout_basic, portal_sewer_entry_b, serial_shops,
          nicolae_shop_statue_plus, serial_bayou_lagoon_b, uniq_edmund,
          uniq_eustachio, uniq_ijyb
D:5:      layout_cave_pools, overflow_temple_1_default
D:6:      layout_layer_cave, nemelex_xobeh_ov_fountains_minmay, temple_hall,
          serial_shops, kennysheep_little_box, xom_teletrap_fun
D:7:      layout_cave_pools, ebering_ghost_gozag, serial_gnoll_camp,
          gnoll_camp_mini_basic, gnoll_camp_mini_shop, gnoll_camp_mini_shop,
          gnoll_camp_medium_02, gnoll_camp_medium_01, gnoll_camp_mini_house,
          basic_altar
D:8:      layout_rooms, lemuel_doored_altar, serial_shops, nicolae_shop_stone
D:9:      layout_basic, minmay_overflow_temple_hex,
          nicolae_overflow_crystal_walls, kennysheep_mini
D:10:     minmay_firetagon, layout_loops_ring, minmay_lair_entry_grove
D:11:     layout_irregular_city, david_orc_5
D:12:     layout_basic
Temple:   nicolae_temple_figure_zero
Lair:1:   layout_roguey, serial_forest, infiniplex_forest_clump_medium,
          infiniplex_forest_lined_3, infiniplex_forest_fountain,
          infiniplex_forest_clump_curved, infiniplex_forest_corner_1,
          lemuel_fruit_fields, uniq_gastronok
Lair:2:   layout_gridlike, ebering_ghost_disaster_area
Lair:3:   layout_chaotic_city, minmay_swamp_entry_worms,
          guppyfry_snake_entry_island, grunt_megastairs_1
Lair:4:   layout_regular_city, serial_bayou_lake_a, serial_bayou_shore_a
Lair:5:   layout_regular_city, grunt_megastairs_5, lemuel_fruit_tree,
          infiniplex_staircase_pool_2, uniq_snorg, uniq_sonja
Lair:6:   evilmike_catoblepas_cave, layout_regular_city, slime_altar_1,
          basic_altar, serial_bayou_pond_b, serial_bayou_pond_a, st_stairs_12,
          grunt_forest_stairs_basic, serial_bayou_pond_c, uniq_josephine

Skill      XL: |  1  2  3  4  5  6  7  8  9 10 11 12 13 14 |
---------------+-------------------------------------------+-----
Maces & Flails | 3 4 5 6 7 9 11 12 14 15 16 17 18 | 18.1
Fighting       | 4 5 6 7 8 10 11 12 13 14 | 14.2
Invocations    | 2 5 6 7 9 |  9.4
Armour         | 5 7 9 10 | 10.9
Shields        | 5 6 |  6.2
Spellcasting   | 2 |  2.3
Evocations     | 3 5 |  5.8

Action                   |  1- 3 |  4- 6 |  7- 9 | 10-12 | 13-15 || total
-------------------------+-------+-------+-------+-------+-------++-------
Melee: Flail             |    98 |   279 |   361 |   217 |       ||   955
       Headbutt          |    12 |    37 |    65 |    85 |    84 ||   283
       Eveningstar       |       |       |       |    50 |   341 ||   391
       Great mace        |       |       |       |   188 |     9 ||   197
Invok: Heroism           |       |       |       |     2 |     1 ||     3
       Finesse           |       |       |       |     1 |     1 ||     2
  Use: Scroll            |       |       |    13 |     1 |    12 ||    26
       Potion            |       |       |       |     3 |     3 ||     6
  Eat: Chunk             |     1 |     8 |    12 |    21 |     9 ||    51
       Ration            |       |       |     1 |     3 |     3 ||     7
Armor: Scale mail        |    39 |       |    92 |    72 |   177 ||   380
       Ring mail         |       |    97 |       |       |       ||    97
       Plate armour      |       |       |    61 |   259 |       ||   320
Dodge: Dodged            |    34 |    84 |    85 |   159 |   131 ||   493
       Deflected         |       |       |       |     3 |     7 ||    10
Block: Shield            |    53 |   123 |   186 |   181 |   196 ||   739

Table legend:
 A = Non-vault XP
 B = Vault XP
 C = Vault XP percentage of total XP
 D = Non-vault monster count
 E = Vault monster count
 F = Vault count percentage of total count
                 A         B        C        D         E       F
            +---------+---------+-------+---------+---------+-------
      Total |   46959 |   27617 |  37.0 |     398 |     174 |  30.4
            +---------+---------+-------+---------+---------+-------
        D:1 |      44 |       0 |   0.0 |      25 |       0 |   0.0
        D:2 |      55 |       0 |   0.0 |      14 |       0 |   0.0
        D:3 |     131 |       2 |   1.5 |      37 |       1 |   2.6
        D:4 |     365 |     411 |  53.0 |      15 |       9 |  37.5
        D:5 |     165 |       0 |   0.0 |      13 |       0 |   0.0
        D:6 |     987 |       0 |   0.0 |      20 |       0 |   0.0
        D:7 |    1101 |     965 |  46.7 |      22 |      37 |  62.7
        D:8 |     656 |       0 |   0.0 |      13 |       0 |   0.0
        D:9 |    2066 |       0 |   0.0 |      27 |       0 |   0.0
       D:10 |    1207 |    4573 |  79.1 |      15 |      18 |  54.5
       D:11 |    5166 |     792 |  13.3 |      33 |      22 |  40.0
       D:12 |    2419 |       0 |   0.0 |      20 |       0 |   0.0
     Lair:1 |    4851 |    2203 |  31.2 |      24 |       1 |   4.0
     Lair:2 |    3319 |       0 |   0.0 |      12 |       0 |   0.0
     Lair:3 |    8239 |    1524 |  15.6 |      38 |       7 |  15.6
     Lair:4 |    7252 |    2550 |  26.0 |      29 |       7 |  19.4
     Lair:5 |    3727 |     213 |   5.4 |      15 |       1 |   6.2
     Lair:6 |    5209 |   14237 |  73.2 |      26 |      31 |  54.4
      Sewer |       0 |     147 | 100.0 |       0 |      40 | 100.0
            +---------+---------+-------+---------+---------+-------
